 Dungeon Crawl Stone Soup version 0.29-a0-100-g60f898f876 (webtiles) character file.

Game seed: 11120947675042713134

16 Gargoyl the Skirmisher (level 2, -10/19 HPs)
             Began as a Gargoyle Abyssal Knight on Feb 14, 2022.
             Was a Follower of Lugonu.
             Killed by an exploding ball python (28 damage)
             ... ignited by their inner flame
             ... on level 1 of the Dungeon.
             The game lasted 00:01:10 (578 turns).

Gargoyl the Skirmisher (Gargoyle Abyssal Knight)     Turns: 578, Time: 00:01:11

Health: -10/19     AC:  6    Str: 16    XL:     2   Next: 58%
Magic:  3/3        EV: 11    Int: 10    God:    Lugonu [*.....]
Gold:   30         SH:  0    Dex: 10    Spells: 1/1 levels left

rFire   . . .      SeeInvis .   a - +1 hand axe
rCold   . . .      Faith    .   (no shield)
rNeg    + . .      Spirit   .   b - +0 leather armour
rPois   ∞          Reflect  .   (no helmet)
rElec   +          Harm     .   (no cloak)
rCorr   .          Rampage  .   (no gloves)
Will    .....                   (no boots)
Stlth   +.........              (no amulet)
HPRegen 0.06/turn               (no ring)
MPRegen 0.08/turn               (no ring)

@: no status effects
A: sickness immunity, AC +2, negative energy resistance 1, electricity
resistance, torment resistance 1, petrification resistance
a: Renounce Religion, Depart the Abyss


You were on level 1 of the Dungeon.
You worshipped Lugonu.
Lugonu was aware of your devotion.
You visited 1 branch of the dungeon, and saw 1 of its levels.
You visited the Abyss 1 time.

You collected 30 gold pieces.

Inventory:

Hand Weapons
 a - a +1 hand axe (weapon)
Armour
 b - a +0 leather armour (worn)
Scrolls
 f - a scroll of identify {unknown}
 g - a scroll of silence {unknown}
 i - a scroll of teleportation {unknown}
Potions
 c - a potion of resistance {unknown}
 d - a potion of haste {unknown}
 h - a potion of degeneration {unknown}


   Skills:
 + Level 3.5 Fighting
 + Level 2.3 Axes
 + Level 2.1 Armour
 + Level 0.7 Dodging
 + Level 2.3 Invocations


You had one spell level left.
You didn't know any spells.
Your spell library was empty.

Dungeon Overview and Level Annotations

Branches:
Dungeon (1/15)

Altars:


Innate Abilities, Weirdness & Mutations

You are immune to sickness and miasma.
Your stone body is resilient. (AC +2)
You are immune to poison.
You resist negative energy. (rN+)
You are resistant to electric shocks. (rElec)
You are resistant to unholy torment.
You are immune to petrification.


Message History

Lugonu accepts your kill.
You hit the hobgoblin.
The hobgoblin is almost dead.
The hobgoblin closely misses you.
You closely miss the hobgoblin.
The hobgoblin is almost dead.
The hobgoblin hits you.
The hobgoblin hits you but does no damage.
You hit the hobgoblin.
You kill the hobgoblin!
Lugonu accepts your kill.
You see here a hobgoblin corpse.
Found 23 sling bullets.
Found 10 stones.
A ball python comes into view.
As you read the scroll labelled UBBIAPTAKHE, it crumbles to dust.
The creatures around you are filled with an inner flame!
It was a scroll of immolation.
The ball python misses you. The ball python grabs you.
The ball python constricts you.
You escape the ball python's grasp.
You see here a hobgoblin corpse.
The ball python bites you but does no damage.
The ball python closely misses you.
The ball python bites you but does no damage.
The ball python closely misses you.
You barely miss the ball python. The ball python closely misses you. x3
The ball python grabs you. The ball python constricts you.
Unknown command.
You barely miss the ball python.
The ball python bites you but does no damage.
The ball python constricts you.
Unknown command.
Okay, then.
You slash the ball python! Lugonu accepts your kill.
The ball python explodes!
The fiery explosion engulfs you!!
Ouch! That really hurt!
You die...

####### ###########
##.§§§.### ..........##
#..§§§...##
...........###..@####..#
................##..##.##
............###.#...†...#
)...........# #.#..##...#
............# ..##((##..#
............#....##..#..#
...........##.... ..#..#
..........###...## .##..#
#############.... ##...#


There were no monsters in sight!

Vanquished Creatures
  6 ball pythons (D:1)
  A bat (D:1)
  A goblin (D:1)
  A hobgoblin (D:1)
  2 jackals (D:1)
  A quokka (D:1)
  A frilled lizard (D:1)
  2 kobolds (D:1)
  A rat (D:1)
16 creatures vanquished.

Notes
Turn   | Place    | Note
-------+----------+-------------------------------------------
     0 | Abyss:1  | Gargoyl the Gargoyle Abyssal Knight began the quest for the
                  | Orb.
     0 | Abyss:1  | Reached XP level 1. HP: 14/14 MP: 2/2
     0 | D:1      | Escaped the Abyss
   145 | D:1      | Reached * piety under Lugonu
   154 | D:1      | Reached XP level 2. HP: 15/19 MP: 3/3
   578 | D:1      | Killed by an exploding ball python... ignited by their
                  | inner flame

Illustrated notes

Levels and vault maps discovered:
D:1:      eino_arrival_cavern_a, layout_rooms, minmay_close_crescents

Skill      XL: |  1 |
---------------+----+-----
Axes           | 2 |  2.3
Fighting       | |  3.5
Armour         | |  2.1
Dodging        | |  0.7
Invocations    | |  2.3

Action                   || total
-------------------------++-------
Melee: Hand axe          ||    40
Invok: Depart the Abyss  ||     1
  Use: Scroll            ||     1
Armor: Leather armour    ||    30
Dodge: Dodged            ||    24

Table legend: (Time is in decaauts)
 A = Elapsed time spent in this place.
 B = Non-inter-level travel time spent in this place.
 C = Inter-level travel time spent in this place.
 D = Time resting spent in this place.
 E = Time spent auto-exploring this place.
 F = Levels seen in this place.
 G = Mean time per level.
                   A        B        C        D        E       F      G
               +--------+--------+--------+--------+--------+-----+--------+
         Total |    585 |    585 |      0 |      0 |    455 |   2 |  292.5 |
       Dungeon |    585 |    585 |      0 |      0 |    455 |   1 |  585.0 |
         Abyss |      0 |      0 |      0 |      0 |      0 |   1 |    0.0 |
               +--------+--------+--------+--------+--------+-----+--------+

Top non-repeatable levels by time:
     D:1: 585 daAuts
